 Dungeon Crawl Stone Soup version 0.29.1-1-gd02db6906a (webtiles) character file.

Game seed: 8824905760230825822

11414 raph the Arsonist (level 11, 0/60 HPs)
             Began as a Deep Elf Fire Elementalist on Sept 15, 2022.
             Was a Follower of Sif Muna.
             Killed from afar by a bog body (21 damage)
             ... with a bolt of cold
             ... on level 2 of the Lair of Beasts.
             The game lasted 00:19:52 (15119 turns).

raph the Arsonist (Deep Elf Fire Elementalist)     Turns: 15119, Time: 00:19:52

Health: 0/60       AC:  9    Str:  5    XL:     11   Next: 49%
Magic:  15/25      EV: 15    Int: 25    God:    Sif Muna [*.....]
Gold:   361        SH:  0    Dex: 17    Spells: 11/27 levels left

rFire   . . .      SeeInvis +   a - +9 dagger of Innocence {holy, Dex+2}
rCold   . . .      Faith    .   (no shield)
rNeg    . . .      Spirit   .   t - +5 robe of Night {Dark Will+ SInv}
rPois   .          Reflect  .   (no helmet)
rElec   .          Harm     .   f - +1 cloak
rCorr   .          Rampage  .   (no gloves)
Will    ++...                   (no boots)
Stlth   +++.......              (no amulet)
HPRegen 0.20/turn               (no ring)
MPRegen 0.19/turn               (no ring)

@: slowed, very slow
A: no striking features
a: Renounce Religion, Channel Magic


You were on level 2 of the Lair of Beasts.
You worshipped Sif Muna.
Sif Muna was aware of your devotion.
You visited 3 branches of the dungeon, and saw 11 of its levels.

You collected 361 gold pieces.

Inventory:

Hand Weapons
 a - the +9 dagger of Innocence (weapon) {holy, Dex+2}
   (You took it off a gnoll on level 5 of the Dungeon)

   It has been blessed by the Shining One to cause great damage to the undead
   and demons.
   Dex:       It affects your dexterity (+2).
 d - a +0 short sword
 h - a +1 dagger of electrocution
 i - a +2 dagger of venom
 p - a +4 short sword
 s - a +0 quarterstaff of pain
Missiles
 c - 22 poisoned darts
Armour
 f - a +1 cloak (worn)
 o - +0 steam dragon scales
 t - the +5 robe of Night (worn) {Dark Will+ SInv}
   (You found it on level 7 of the Dungeon)

   It shrouds the wearer in darkness, reducing the range at which they can see
   and be seen by others.
   SInv:      It lets you see invisible.
   Will:      It increases your willpower.
Jewellery
 x - a ring of ice
Wands
 l - a wand of flame (4)
 m - a wand of roots (17)
 v - a wand of light (9)
 y - a wand of charming (10)
Scrolls
 e - 2 scrolls of identify
 q - 3 scrolls of teleportation
 u - a scroll of magic mapping
Potions
 b - a potion of magic
 g - 2 potions of resistance
 j - 5 potions of heal wounds
 k - 6 potions of mutation
 r - 2 potions of haste
 w - a potion of attraction
 z - 2 potions of curing
 A - a potion of lignification


   Skills:
 + Level 3.4 Fighting
 * Level 3.6 Short Blades
 + Level 5.6 Dodging
 + Level 6.1 Stealth
 + Level 8.9 Spellcasting
 + Level 10.2 Conjurations
 + Level 2.4 Necromancy
 + Level 10.8 Fire Magic
 + Level 3.9 Air Magic
 * Level 6.0 Invocations


You had 11 spell levels left.
You knew the following spells:

 Your Spells              Type           Power      Damage    Failure   Level
a - Foxfire               Conj/Fire      100%       2x1d9     1%          1
b - Scorch                Fire           100%       2d10      1%          2
c - Mephitic Cloud        Conj/Pois/Air  34%        N/A       2%          3
d - Flame Wave            Conj/Fire      59%        2d14      1%          4
e - Conjure Flame         Conj/Fire      59%        6-21      1%          3
f - Vampiric Draining     Necr           23%        2d7       6%          3

Your spell library contained the following spells:

 Spells                   Type           Power      Damage    Failure   Level
 Shock                    Conj/Air       100%       1d9       1%          1
 Static Discharge         Conj/Air       46%        3-9/arc   1%          2
 Inner Flame              Hex/Fire       38%        N/A       1%          3
 Poisonous Vapours        Pois/Air       40%        N/A       3%          2
 Swiftness                Air            30%        N/A       3%          3
 Slow                     Hex            44%        N/A       5%          1
 Sting                    Tmut/Pois      44%        1d5       5%          1
 Airstrike                Air            15%        2d(3-19)  11%         4
 Confusing Touch          Hex            11%        N/A       17%         3
 Ozocubu's Armour         Ice            11%        N/A       17%         3
 Summon Lightning Spire   Summ/Air       20%        N/A       24%         4
 Conjure Ball Lightning   Conj/Air       23%        3x3d6     43%         6
 Leda's Liquefaction      Hex/Erth       5%         N/A       50%         4
 Olgreb's Toxic Radiance  Pois           11%        N/A       50%         4
 Lee's Rapid Deconstruct  Erth           5%         3d7*      83%         5
 Statue Form              Tmut/Erth      7%         N/A       100%        6
 Ozocubu's Refrigeration  Ice            5%         4d8       100%        7
 Storm Form               Tmut/Air       10%        N/A       100%        7


Dungeon Overview and Level Annotations

Branches:
Dungeon (8/15)             Temple (1/1) D:6            Lair (2/5) D:8
  Swamp: Lair:2-3    Shoals: Lair:2-3     Snake: Lair:2-3    Spider: Lair:2-3

Altars:
Cheibriados
Dithmenos
Elyvilon
Fedhas
Gozag
Hepliaklqana
Kikubaaqudgha
Makhleb
Nemelex Xobeh
Okawaru
Qazlal
Ru
Sif Muna
Trog
Uskayaw
Vehumet
Wu Jian
Xom
Yredelemnul
Zin
The Shining One

Shops:
D:7 =   D:8 *


Message History

The torpor snail bites you but does no damage.
Casting: Scorch (safe; 1% risk of failure)
Confirm with . or Enter, or press ? or * to list all spells.
Flames lash the torpor snail.
The torpor snail is burned terribly!
The torpor snail is moderately wounded.
A bog body comes into view.
The torpor snail bites you!
Casting: Scorch (safe; 1% risk of failure)
Confirm with . or Enter, or press ? or * to list all spells.
Flames lash the torpor snail.
The torpor snail is burned terribly!
The torpor snail is moderately wounded.
The torpor snail barely misses you.
Casting: Scorch (safe; 1% risk of failure)
Confirm with . or Enter, or press ? or * to list all spells.
Flames lash the bog body.
The bog body resists.
The bog body is lightly damaged.
The bog body's fire resistance burns away.
The torpor snail bites you.
The torpor snail attacks as you move away!
The torpor snail bites you but does no damage.
The bog body is no longer more vulnerable to fire.
The torpor snail bites you!
The bog body touches you but does no damage.
The bog body attacks as you move away! The bog body misses you.
The bog body gestures at you while chanting.
The bolt of cold hits you!
Casting: Scorch (safe; 1% risk of failure)
Confirm with . or Enter, or press ? or * to list all spells.
Casting: Flame Wave (dangerous; 1% risk of failure)
Press: ? - help, Dir - look around, f - activate A wave of flame ripples out!
The flame wave engulfs the torpor snail!!
The torpor snail is burned terribly!
The torpor snail is severely wounded.
The flame wave engulfs the bog body!
The bog body resists.
The bog body is moderately damaged. (Press . to intensify the flame waves.)
The bog body points at you and mumbles some strange words.
The bolt of cold hits you!!
You die...

##.#.##.##.#.#........##
#..รท## .##....##.#.#..#
. ##.## #...#.....#..##
.####..# #...........#.#
....##.# #.....#.#P.###
.......# ##..######.#
###...## #..# #.# #..##
#.## #.# #.###
#@.######.# #...# #
####wn.##.##.## #.###
#.#.#.n.........# #..##
#.......##.#.P.##
###...# ##.P...P#######
#....## ##....## ..#..#
#......... ....##
#.......... #.###
#..........


You could see a torpor snail (combustible) and 2 bog bodies.

Vanquished Creatures
  Pikel (D:8)
  Joseph (D:7)
  A cane toad (Lair:1)
  A rime drake (Lair:1)
  A komodo dragon (D:8)
  7 blink frogs
  5 dream sheep (D:7)
  2 shadows (D:7)
  Sigmund (D:6)
  19 yaks
  3 basilisks (Lair:2)
  Grum (D:8)
  2 steam dragons
  4 water moccasins
  2 ice beasts
  A black bear (D:5)
  2 centaurs
  2 ogres (D:7)
  5 wolves
  2 phantoms (D:5)
  3 lemures (D:8)
  3 kobold brigands
  2 necrophages
  9 bullfrogs
  2 scorpions
  5 killer bees
  4 howler monkeys (D:8)
  An electric eel (Lair:1)
  4 jellies
  Crazy Yiuf (D:7)
  2 gnoll boudas
  3 iguanas
  6 orc wizards
  12 gnolls
  7 adders
  4 white imps
  An ufetubus (D:3)
  4 dart slugs
  17 orcs
  7 endoplasms
  3 giant cockroaches
  6 goblins
  10 hobgoblins
  3 jackals (D:1)
  6 quokkas
  2 ball pythons
  3 bats
  4 frilled lizards
  15 kobolds
  8 rats
220 creatures vanquished.

Vanquished Creatures (others)
  544 foxfires
  21 fungi
  48 plants
613 creatures vanquished.

Grand Total: 833 creatures vanquished

Notes
Turn   | Place    | Note
-------+----------+-------------------------------------------
     0 | D:1      | raph the Deep Elf Fire Elementalist began the quest for the
                  | Orb.
     0 | D:1      | Reached XP level 1. HP: 10/10 MP: 6/6
   238 | D:1      | Reached XP level 2. HP: 15/15 MP: 5/8
   531 | D:1      | Learned a level 2 spell: Scorch
   823 | D:1      | Reached XP level 3. HP: 19/19 MP: 5/9
  1282 | D:2      | Identified a scroll of acquirement
  1282 | D:2      | Acquired Cegima's Tome of the Sky
  1750 | D:2      | Found an iron altar of Okawaru.
  1901 | D:2      | Reached XP level 4. HP: 12/24 MP: 6/11
  2510 | D:2      | Reached skill level 1 in Fighting
  2709 | D:2      | Learned a level 3 spell: Mephitic Cloud
  3003 | D:3      | Noticed a necrophage
  3007 | D:3      | Killed a necrophage
  3008 | D:3      | Reached XP level 5. HP: 29/29 MP: 6/12
  3419 | D:3      | Found a faded altar of an unknown god.
  3529 | D:3      | Found a white marble altar of Elyvilon.
  3535 | D:3      | Learned a level 4 spell: Flame Wave
  3624 | D:4      | Reached skill level 5 in Fire Magic
  4153 | D:4      | Reached XP level 6. HP: 34/34 MP: 7/13
  4830 | D:5      | Entered Level 5 of the Dungeon
  4836 | D:5      | Reached skill level 5 in Conjurations
  4836 | D:5      | Reached XP level 7. HP: 31/38 MP: 1/14
  5787 | D:5      | Identified the +9 dagger of Innocence {holy, Dex+2}
  6042 | D:5      | Found a burning altar of Makhleb.
  6042 | D:5      | Noticed a cacodemon
  6180 | D:6      | Reached XP level 8. HP: 43/43 MP: 12/15
  6476 | D:6      | Found a staircase to the Ecumenical Temple.
  6489 | Temple   | Entered the Ecumenical Temple
  6679 | Temple   | Became a worshipper of Sif Muna the Loreminder
  6709 | D:6      | Learned a level 3 spell: Conjure Flame
  7058 | D:6      | Reached skill level 5 in Spellcasting
  7066 | D:6      | Reached XP level 9. HP: 45/47 MP: 2/19
  7575 | D:6      | Noticed Sigmund
  7578 | D:6      | Killed Sigmund
  7963 | D:7      | Found a stormy altar of Qazlal.
  8845 | D:7      | Noticed Joseph
  8860 | D:7      | Killed Joseph
  8861 | D:7      | Reached skill level 1 in Invocations
  9096 | D:7      | Reached skill level 1 in Air Magic
  9454 | D:7      | Reached skill level 10 in Fire Magic
  9665 | D:7      | Reached XP level 10. HP: 34/53 MP: 14/23
  9929 | D:7      | Found the +5 robe of Night {Dark Will+ SInv}
 10043 | D:7      | Found Ugewu's Jewellery Boutique.
 10108 | D:7      | Found a runed translucent door.
 10110 | D:7      | Noticed Crazy Yiuf
 10114 | D:7      | Killed Crazy Yiuf
 10218 | D:8      | Reached * piety under Sif Muna
 10227 | D:8      | Found Yhoeshru's Elemental Accessories.
 10530 | D:8      | Noticed Grum
 10540 | D:8      | Killed Grum
 10732 | D:8      | Noticed Pikel
 10742 | D:8      | Killed Pikel
 10743 | D:8      | Reached skill level 1 in Short Blades
 10878 | D:8      | Reached skill level 5 in Stealth
 11444 | D:8      | Found a bloodstained altar of Trog.
 11557 | D:8      | Found a staircase to the Lair.
 11716 | Lair:1   | Entered Level 1 of the Lair of Beasts
 11721 | Lair:1   | Learned a level 3 spell: Vampiric Draining
 11765 | Lair:1   | Reached skill level 5 in Dodging
 11767 | Lair:1   | Reached skill level 5 in Invocations
 11898 | Lair:1   | Noticed a cane toad
 11902 | Lair:1   | Reached skill level 1 in Necromancy
 11905 | Lair:1   | Killed a cane toad
 11906 | Lair:1   | Reached skill level 10 in Conjurations
 11906 | Lair:1   | Reached XP level 11. HP: 59/59 MP: 22/25
 15108 | Lair:2   | Noticed a bog body
 15112 | Lair:2   | Noticed a bog body
 15119 | Lair:2   | Killed from afar by a bog body

Illustrated notes

Levels and vault maps discovered:
D:1:      minmay_arrival_arboretum_small, layout_basic
D:2:      layout_loops_ring, basic_altar
D:3:      layout_basic, nicolae_elyvilon_temple_path,
          chequers_ecumenical_altar_grove
D:4:      layout_basic, minmay_misc_feat_doors
D:5:      layout_gridville, makhleb_altar_promises_db
D:6:      layout_basic, minmay_temple_entry_large_hall, st_stairs_6,
          uniq_sigmund
D:7:      layout_rooms, nicolae_qazlal_general_emergency, serial_shops, shop,
          hellmonk_guarded_unrand_night, uniq_joseph, uniq_crazy_yiuf_cottage
D:8:      layout_rooms, lightli_temple_of_fire, david_lair_shrubbed,
          minmay_misc_feat_square, nicolae_elemental_shop, uniq_grum, uniq_pikel
Temple:   bh_familiar_temple
Lair:1:   layout_roguey, lemuel_fruit_fields, serial_bayou_shore_a,
          infiniplex_staircase_pool_2, grunt_megastairs_5
Lair:2:   layout_loops_ring, skrybe_swamp_entry_bodies

Skill      XL: |  1  2  3  4  5  6  7  8  9 10 11 |
---------------+----------------------------------+-----
Conjurations   | 2 3 4 5 6 8 9 10 | 10.2
Fire Magic     | 4 5 6 7 9 10 | 10.8
Stealth        | 3 4 5 6 |  6.1
Dodging        | 3 5 |  5.6
Fighting       | 1 2 3 |  3.4
Spellcasting   | 5 7 8 |  8.9
Invocations    | 2 5 6 |  6.0
Air Magic      | 1 3 |  3.9
Short Blades   | 2 3 |  3.6
Necromancy     | 1 2 |  2.4

Action                   |  1- 3 |  4- 6 |  7- 9 | 10-12 || total
-------------------------+-------+-------+-------+-------++-------
Melee: Unarmed           |     1 |       |       |       ||     1
       Dagger            |     5 |     3 |    25 |    40 ||    73
       Short sword       |     1 |       |       |       ||     1
       Punch             |       |     1 |     1 |       ||     2
 Cast: Foxfire           |    80 |   102 |   132 |     8 ||   322
       Scorch            |     1 |     9 |    20 |    16 ||    46
       Flame Wave        |       |     1 |     3 |    36 ||    40
       Mephitic Cloud    |       |       |     3 |     5 ||     8
       Conjure Flame     |       |       |     2 |     3 ||     5
       Vampiric Draining |       |       |       |     6 ||     6
Invok: Channel Magic     |       |       |       |     1 ||     1
  Use: Scroll            |     6 |     5 |     2 |     6 ||    19
 Stab: Sleeping          |     2 |       |     3 |     5 ||    10
       Confused          |       |       |     1 |     1 ||     2
Armor: Robe              |     4 |     5 |     3 |    37 ||    49
       Steam dragon scal |       |       |     8 |       ||     8
Dodge: Dodged            |    12 |    19 |    39 |    78 ||   148
